 Dungeon Sprint DCSS version 0.29-a0-384-g6960b1960d (webtiles) character file.

Game seed: 818945125489114360

441 mhtbhm the Spear-Bearer (level 6, -4/100 HPs)
             Began as a Minotaur Berserker on May 7, 2022.
             Was an Elder of Trog.
             Slain by a fire elemental (14 damage)
             ... summoned by a deep elf pyromancer
             ... in the Dungeon (Sprint III: "The Ten Rune Challenge").
             The game lasted 00:00:51 (438 turns).

mhtbhm the Spear-Bearer (Minotaur Berserker)         Turns: 438, Time: 00:00:51

Health: -4/100     AC:  3    Str: 23    XL:     6   Next: 71%
Magic:  5/5        EV: 13    Int:  4    God:    Trog [****..]
Gold:   28         SH:  0    Dex: 10    Spells: 5/5 levels left

rFire   . . .      SeeInvis .   a - +0 spear
rCold   . . .      Faith    .   (no shield)
rNeg    . . .      Spirit   .   b - +0 leather armour
rPois   .          Reflect  .   (helmet restricted)
rElec   .          Harm     .   (no cloak)
rCorr   .          Rampage  .   (no gloves)
Will    +....      NoTele   +   (no boots)
Stlth   ..........              (no amulet)
HPRegen 0.26/turn               (no ring)
MPRegen 0.09/turn               (no ring)

@: berserking, on fire, glowing, very quick
A: horns 2, retaliatory headbutt, strong-willed 1, passive freeze
a: Renounce Religion, Berserk, Trog's Hand, Brothers in Arms


You were in the Dungeon.
You worshipped Trog.
Trog was greatly pleased with you.
You visited 1 branch You collected 28 gold pieces.

Inventory:

Hand Weapons
 a - a +0 spear (weapon)
Armour
 b - a +0 leather armour (worn)
Scrolls
 h - a scroll of blinking
 j - 2 scrolls of poison {unknown}
 k - 3 scrolls of identify
Potions
 c - a potion of curing
 d - a potion of heal wounds
 e - a potion of haste
 f - 4 potions of magic
 g - 2 potions of berserk rage
 i - 2 potions of mutation
 l - a potion of brilliance {unknown}
 m - 2 potions of degeneration {unknown}
 n - a potion of flight {unknown}


   Skills:
 + Level 10.8 Fighting
 + Level 12.0 Polearms
 + Level 5.2 Armour
 + Level 6.2 Dodging
 + Level 0.2 Stealth


You had 5 spell levels left.
You didn't know any spells.
Your spell library was empty.

Dungeon Overview and Level Annotations

Branches:
Dungeon (1/1)

Altars:
Dithmenos
Elyvilon
Okawaru
Ru
Trog
Uskayaw
Wu Jian
Yredelemnul
Zin
The Shining One
Beogh


Innate Abilities, Weirdness & Mutations

You have a pair of horns on your head.
You reflexively headbutt those who attack you in melee.
You are strong-willed. (Will+)
A frigid envelope surrounds you and freezes all who hurt you.


Message History

You destroy the fire elemental!
The fire elemental disappears in a puff of smoke!
A red film seems to cover your vision as you go berserk!
You feel yourself moving faster!
You feel mighty!
The deep elf pyromancer gestures at you while chanting.
The sticky flame hits you!
You are covered in liquid flames!
You feel a strong urge to attack something.
You are covered in liquid flames!
The fire elemental hits you. The fire elemental burns you!
The fire elemental is frozen!
The fire elemental is very cold.
The fire elemental is moderately damaged.
The deep elf pyromancer hits you with a +0 long sword of holy wrath.
The deep elf pyromancer is very cold.
The deep elf pyromancer is lightly wounded.
You hit the deep elf pyromancer.
The deep elf pyromancer is moderately wounded.
You are covered in liquid flames!
The fire elemental hits you. The fire elemental burns you!
* * * LOW HITPOINT WARNING * * *
The fire elemental is frozen!
The fire elemental is very cold.
The fire elemental is moderately damaged.
You puncture the deep elf pyromancer! You headbutt the deep elf pyromancer!
The deep elf pyromancer is almost dead.
You are covered in liquid flames!
* * * LOW HITPOINT WARNING * * *
The fire elemental hits you. The fire elemental burns you!
* * * LOW HITPOINT WARNING * * *
The fire elemental is frozen!
The fire elemental is very cold.
The fire elemental is heavily damaged.
The deep elf pyromancer gestures at you while chanting.
The sticky flame hits you.
You are covered in liquid flames!
* * * LOW HITPOINT WARNING * * *
You miss the deep elf pyromancer.
The deep elf pyromancer is almost dead.
You are covered in liquid flames!
* * * LOW HITPOINT WARNING * * *
The fire elemental hits you. The fire elemental burns you!
You die...

▓▓▓▓▓ ▓▓▓ ....♣
♣.############ ....♣♣♣
♣♣.#___#___#__# ....♣.♣
♣..#!..#__.#._# ....≈.♣
♣..###'#'###°##
...≈≈.♣♣♣♣.#...†EE°...#
..≈≈≈≈..♣♣.'.⌠..@e.°..#
..≈≈≈≈≈≈♣..#...######+#
†≈≈≈≈≈≈....#.⌠.#
.≈≈≈≈≈.....#...#
.≈≈≈.......#+###
...........#
...........#
▓▓▓▓▓▓▓▓▓▓▓▓


You could see a deep elf pyromancer and 2 fire elementals.

Vanquished Creatures
  A necrophage (D)
  A water elemental (D)
  A necromancer (D)
  3 humans (D)
  A phantom (D)
  2 endoplasms (D)
  2 rats (D)
11 creatures vanquished.

Notes
Turn   | Place    | Note
-------+----------+-------------------------------------------
     0 | D        | mhtbhm the Minotaur Berserker began the quest for the Orb.
     0 | D        | Reached XP level 1. HP: 19/19 MP: 0/0
     3 | D        | Reached skill level 4 in Polearms
    15 | D        | Reached ** piety under Trog
    46 | D        | Reached XP level 2. HP: 28/28 MP: 1/1
    50 | D        | Reached skill level 5 in Fighting
    50 | D        | Reached skill level 5 in Polearms
   130 | D        | Gained mutation: You are strong-willed. (Will+) [potion of
                  | mutation]
   130 | D        | Gained mutation: A frigid envelope surrounds you and
                  | freezes all who hurt you. [potion of mutation]
   149 | D        | Noticed a water elemental
   154 | D        | Killed a water elemental
   154 | D        | Reached *** piety under Trog
   155 | D        | Reached skill level 7 in Polearms
   155 | D        | Reached XP level 3. HP: 39/39 MP: 2/2
   155 | D        | Reached XP level 4. HP: 47/47 MP: 3/3
   287 | D        | Found a basalt altar of Yredelemnul.
   287 | D        | Found a shadowy altar of Dithmenos.
   287 | D        | Found a sacrificial altar of Ru.
   287 | D        | Noticed a necrophage
   298 | D        | Killed a necrophage
   299 | D        | Reached skill level 8 in Polearms
   299 | D        | Reached XP level 5. HP: 50/53 MP: 4/4
   306 | D        | Reached skill level 9 in Polearms
   343 | D        | Found a hide-covered altar of Uskayaw.
   343 | D        | Found an iron altar of Okawaru.
   343 | D        | Found a bloodstained altar of Trog.
   343 | D        | Found an ornate altar of the Wu Jian Council.
   343 | D        | Noticed a human
   344 | D        | Noticed a human
   351 | D        | Killed a human
   352 | D        | Reached skill level 11 in Polearms
   352 | D        | Reached skill level 5 in Dodging
   352 | D        | Reached XP level 6. HP: 66/66 MP: 5/5
   355 | D        | Killed a human
   355 | D        | Reached **** piety under Trog
   356 | D        | Reached skill level 10 in Fighting
   356 | D        | Reached skill level 12 in Polearms
   356 | D        | Reached skill level 5 in Armour
   425 | D        | Found a glowing silver altar of Zin.
   425 | D        | Found a glowing golden altar of the Shining One.
   425 | D        | Found a white marble altar of Elyvilon.
   426 | D        | Noticed a deep elf pyromancer
   429 | D        | Noticed a fire elemental
   429 | D        | Noticed a fire elemental
   433 | D        | Noticed a fire elemental
   433 | D        | Noticed a fire elemental
   438 | D        | Slain by a fire elemental

Illustrated notes

Levels and vault maps discovered:
D:        dungeon_sprint_mu [sprint_mu_entry_forest, sprint_mu_temple_rooms,
          sprint_mu_d1_horrors, sprint_mu_d2_genie, sprint_mu_d3_branching,
          sprint_mu_orc_legion, sprint_mu_elf_gauntlet, sprint_mu_hive_nellie,
          sprint_mu_lair_fedhas, sprint_mu_vaults_butterflies,
          sprint_mu_slime_circle, sprint_mu_swamp_cave, sprint_mu_snake_twists,
          sprint_mu_blade_basic, sprint_mu_crypt_chambers,
          sprint_mu_tomb_spiral, sprint_mu_vestibule_basic,
          sprint_mu_gehenna_hellfire, sprint_mu_dis_giant,
          sprint_mu_tartarus_statrot, sprint_mu_cocytus_islands, sprint_mu_zot1]

Skill      XL: |  1  2  3  4  5  6 |
---------------+-------------------+-----
Fighting       | 4 7 8 9 10 | 10.8
Polearms       | 4 7 8 11 12 | 12.0
Armour         | 3 4 5 |  5.2
Dodging        | 3 4 5 6 |  6.2
Stealth        | |  0.2

Action                   |  1- 3 |  4- 6 || total
-------------------------+-------+-------++-------
Melee: Spear             |    18 |    38 ||    56
       Headbutt          |     3 |     4 ||     7
       Punch             |       |     1 ||     1
Invok: Berserk           |     2 |     2 ||     4
  Use: Potion            |     1 |       ||     1
Armor: Animal skin       |     2 |     2 ||     4
       Leather armour    |       |     5 ||     5
Dodge: Dodged            |     4 |     6 ||    10

Table legend: (Time is in decaauts)
 A = Elapsed time spent in this place.
 B = Non-inter-level travel time spent in this place.
 C = Inter-level travel time spent in this place.
 D = Time resting spent in this place.
 E = Time spent auto-exploring this place.
 F = Levels seen in this place.
 G = Mean time per level.
                   A        B        C        D        E       F      G
               +--------+--------+--------+--------+--------+-----+--------+
         Total |    452 |    452 |      0 |    290 |     22 |   1 |  452.0 |
       Dungeon |    452 |    452 |      0 |    290 |     22 |   1 |  452.0 |
               +--------+--------+--------+--------+--------+-----+--------+

Top non-repeatable levels by time:
       D: 452 daAuts
